 Dungeon Crawl Stone Soup version 0.25.1-2-g60ff931df9 (webtiles) character file.

Game seed: 2864463760019392792

4369 Lavandula the Archer (level 10, 74/78 HPs)
             Began as a Centaur Arcane Marksman on Sept 25, 2020.
             Was an Initiate of Ashenzari.
             Quit the game in a bailey.
             The game lasted 00:21:41 (7879 turns).

Lavandula the Archer (Centaur Arcane Marksman)      Turns: 7879, Time: 00:21:42

Health: 74/78      AC:  4    Str: 12      XL:     10   Next: 13%
Magic:  15/15      EV: 10    Int: 14      God:    Ashenzari [......]
Gold:   521        SH:  0    Dex: 16 (18) Spells: 2/15 levels left

rFire    . . .     SeeInvis .   y - +2 shortbow (flame) (curse)
rCold    . . .     Gourm    .   (shield currently unavailable)
rNeg     + . .     Faith    .   e - +0 robe
rPois    .         Spirit   .   v - -1 helmet
rElec    .         Reflect  .   (no cloak)
rCorr    .         Harm     .   (no gloves)
MR       .....                  (no barding)
Stlth    +.........             (no amulet)
HPRegen  0.23/turn              s - ring of positive energy
MPRegen  0.14/turn              p - +6 ring of dexterity

@: very quick
A: large, hooves 3, deformed body, speed 2, tough skin 3
a: Curse Item, Renounce Religion


You were in a bailey.
You worshipped Ashenzari.
Ashenzari was noncommittal.
You were hungry.

You visited 2 branches of the dungeon, and saw 10 of its levels.
You also visited: Bailey.

You collected 521 gold pieces.

Inventory:

Hand Weapons
 y - a cursed +2 shortbow of flaming (weapon)
Missiles
 d - 63 arrows (quivered)
 u - 7 javelins
 w - 3 curare-tipped darts
Armour
 e - a +0 robe (worn)
 v - a -1 helmet (worn)
Jewellery
 o - an uncursed ring of flight
 p - a +6 ring of dexterity (right hand)
 s - a ring of positive energy (left hand)
 B - an uncursed ring of positive energy
Wands
 h - a wand of disintegration (3)
 r - a wand of polymorph (12)
 x - a wand of enslavement (4)
Scrolls
 b - a scroll of magic mapping
 c - 3 scrolls of teleportation
 k - 4 scrolls of remove curse
 l - a scroll of enchant armour
Potions
 g - a potion of cancellation
 j - 2 potions of brilliance
 m - 3 potions of haste
 n - 2 potions of lignification {unknown}
 q - a potion of ambrosia {unknown}
 t - 3 potions of curing
 z - a potion of flight {unknown}
 A - a potion of berserk rage {unknown}
 D - a potion of stabbing {unknown}
 E - a potion of might {unknown}
Comestibles
 f - 11 rations


   Skills:
 - Level 3.7 Fighting
 - Level 14.0 Bows
 - Level 1.3 Dodging
 - Level 3.3 Spellcasting
 + Level 5.9 Hexes
 - Level 4.7 Fire Magic


You had 2 spell levels left.
You knew the following spells:

 Your Spells              Type           Power        Failure   Level  Hunger
a - Corona                Hex            ###....      1%          1    #......
b - Slow                  Hex            ###.....     2%          2    ##.....
c - Inner Flame           Hex/Fire       ###.....     7%          3    ###....
d - Portal Projectile     Hex/Tloc       ##....       19%         3    ###....
e - Cause Fear            Hex            ###.......   19%         4    #####..

Your spell library contained the following spells:

 Spells                   Type           Power        Failure   Level  Hunger
 Leda's Liquefaction      Hex/Erth       ##........   52%         4    #####..


Dungeon Overview and Level Annotations

Branches:
Dungeon (9/15)             Temple (1/1) D:7            Lair (0/6) D:9
 Bailey (1/1)
    Orc: D:9-12

Altars:
Ashenzari
Elyvilon
Gozag
Makhleb
Sif Muna
Trog
Uskayaw
Xom
Zin

Shops:
D:6 *

Annotations:
D:3 1 runed translucent door, generaletaddeo's ghost, amateur OgHu
D:7 1 runed translucent door, teukkam's ghost, novice TrMo


Innate Abilities, Weirdness & Mutations

You have hooves in place of feet.
Armour fits poorly on your strangely shaped body.
You cover ground very quickly.
You have extremely tough skin. (AC +3)


Message History

The orc warrior shouts! x2; The orc shouts! x2; You hear a shout!
The orc warrior shouts!
You hear a shout!
Found two gates leading back out of this place.
There is an empty arch of ancient stone here.
Okay, then.
There is a gate leading back out of this place here.
Evoke which item? (* to show all) (? for menu, Esc to quit)
Aiming: Polymorph
Press: ? - help, Shift-Dir - straight line, f - orc warrior
Aim: an orc warrior, wielding a +0 arbalest, wearing a +0 ring mail and quivering 23 bolts (chance to defeat MR: 46%)
The orc warrior resists with some effort.
The orc warrior shoots a bolt.
The bolt hits you.
You hear a shout!
Evoke which item? (* to show all) (? for menu, Esc to quit)
Okay, then.
Are you sure you want to abandon this character and quit the game? (Confirm with "yes".)
Okay, then.
Unknown command.
Enter note: no evocables...
Are you sure you want to abandon this character and quit the game? (Confirm with "yes".)

#### ##∩## ####
..o.##...##..o.
≈≈≈..#...#..≈≈≈
≈o≈≈.......≈≈o≈
o≈.......≈o
....... #...#
#.∩.# ##@## ###


You could see 2 orc warriors.

Vanquished Creatures
  Grinder (D:5)
  Sigmund (D:5)
  A human (D:7)
  4 hogs (D:7)
  2 hungry ghosts
  A steam dragon (D:8)
  An orc warrior (D:5)
  An ice beast (D:8)
  2 phantoms
  2 sky beasts (D:5)
  4 ogres
  4 centaurs
  2 bullfrogs
  A gnoll sergeant (D:8)
  2 scorpions
  3 howler monkeys (D:8)
  5 crimson imps
  3 jellies
  A quasit (D:9)
  2 orc priests
  2 hounds
  A centaur skeleton (D:4)
  4 orc wizards
  6 bullfrog skeletons
  2 iguanas
  9 worker ants
  2 killer bee zombies (D:7)
  A hound zombie (D:7)
  A worker ant zombie (D:5)
  7 adders
  10 gnolls
  3 shadow imps
  A worm (D:3)
  5 leopard geckos
  16 orcs
  3 ball pythons
  4 giant cockroaches
  8 goblins
  6 hobgoblins
  9 jackals
  3 quokkas
  4 bats
  2 frilled lizards
  4 kobolds
  3 rats
159 creatures vanquished.

Notes
Turn   | Place    | Note
-------+----------+-------------------------------------------
     0 | D:1      | Lavandula the Centaur Arcane Marksman began the quest for
                  | the Orb.
     0 | D:1      | Reached XP level 1. HP: 16/16 MP: 2/2
    54 | D:1      | Reached skill level 3 in Bows
   164 | D:1      | Reached XP level 2. HP: 22/23 MP: 0/3
   168 | D:1      | Learned a level 2 spell: Slow
   438 | D:1      | Reached skill level 4 in Bows
   655 | D:1      | Reached XP level 3. HP: 28/28 MP: 2/4
   826 | D:3      | Found a runed translucent door.
   826 | D:3      | Noticed a bullfrog
   865 | D:3      | Noticed generaletaddeo's ghost (amateur OgHu)
   925 | D:3      | Reached skill level 5 in Bows
  1082 | D:3      | Found a faded altar of an unknown god.
  1146 | D:3      | Reached skill level 6 in Bows
  1146 | D:3      | Reached XP level 4. HP: 13/35 MP: 3/5
  1705 | D:3      | Found a burning altar of Makhleb.
  1708 | D:3      | Found a glowing silver altar of Zin.
  1709 | D:3      | Noticed an angel
  1709 | D:3      | Noticed a green death
  1754 | D:4      | Noticed a bullfrog
  1761 | D:4      | Killed a bullfrog
  1761 | D:4      | Reached skill level 7 in Bows
  1761 | D:4      | Reached XP level 5. HP: 29/40 MP: 4/6
  2132 | D:4      | Reached skill level 8 in Bows
  2144 | D:4      | Reached XP level 6. HP: 47/47 MP: 7/7
  2151 | D:4      | Learned a level 3 spell: Inner Flame
  2576 | D:4      | Reached skill level 9 in Bows
  2674 | D:5      | Entered Level 5 of the Dungeon
  2704 | D:5      | Noticed Sigmund
  2719 | D:5      | Killed Sigmund
  2719 | D:5      | Reached skill level 10 in Bows
  2719 | D:5      | Reached XP level 7. HP: 18/52 MP: 8/8
  2935 | D:5      | Reached skill level 11 in Bows
  3404 | D:5      | Noticed Grinder
  3413 | D:5      | Killed Grinder
  3413 | D:5      | Reached skill level 12 in Bows
  3413 | D:5      | Reached XP level 8. HP: 59/59 MP: 9/9
  3590 | D:5      | Found an opulent altar of Gozag.
  3699 | D:5      | Reached skill level 13 in Bows
  4806 | D:6      | Found an opulent altar of Gozag.
  4833 | D:6      | Found Gozag's Platinum Reserve.
  4876 | D:6      | Reached skill level 14 in Bows
  5285 | D:7      | Reached XP level 9. HP: 71/71 MP: 10/10
  5290 | D:7      | Learned a level 3 spell: Portal Projectile
  5346 | D:7      | Found a staircase to the Ecumenical Temple.
  5486 | Temple   | Entered the Ecumenical Temple
  5496 | Temple   | Became a worshipper of Ashenzari the Shackled
  5713 | D:7      | Found a runed translucent door.
  5713 | D:7      | Found a shimmering altar of Xom.
  5713 | D:7      | Noticed teukkam's ghost (novice TrMo)
  5713 | D:7      | Noticed a +2 hand axe of chaos
  6774 | D:8      | Learned a level 4 spell: Cause Fear
  7081 | D:8      | Reached skill level 5 in Hexes
  7095 | D:8      | Reached XP level 10. HP: 37/78 MP: 15/15
  7626 | D:8      | Found a hide-covered altar of Uskayaw.
  7626 | D:8      | Found a bloodstained altar of Trog.
  7847 | D:9      | Found a flagged portal.
  7876 | Bailey   | Entered a bailey
  7879 | Bailey   | no evocables...
  7879 | Bailey   | Quit the game

Illustrated notes

#### ##∩## ####
..o.##...##..o.
≈≈≈..#...#..≈≈≈
≈o≈≈.......≈≈o≈
o≈.......≈o
....... #...#
#.∩.# ##@## ###


Turn 7879 on Bailey: no evocables...

Levels and vault maps discovered:
D:1:      sevenhm_arrival_forest_fort_small_4, layout_basic, dk_noncrumbling_4
D:2:      layout_basic, lemuel_crystal_altar, first_ration
D:3:      layout_loops_ring, grunt_temple_overflow_order_and_chaos_2,
          ebering_ghost_sewer_d, serial_forest, infiniplex_forest_clump_C,
          infiniplex_forest_end_2, infiniplex_forest_fountain,
          infiniplex_forest_end_1, infiniplex_forest_clump_double,
          infiniplex_forest_straight_2, chequers_ecumenical_altar_twisty,
          uniq_crazy_yiuf_cottage
D:4:      layout_basic
D:5:      kennysheep_big_flooded_room, layout_rooms, marbit_many_paths,
          serial_rivers, chequers_serial_rivers_small_b,
          chequers_serial_rivers_marsh, chequers_serial_rivers_small_a,
          chequers_serial_rivers_large_a, chequers_serial_rivers_marsh,
          uniq_sigmund, uniq_grinder
D:6:      layout_basic, serial_rivers, chequers_serial_rivers_marsh,
          chequers_serial_rivers_micro_b, chequers_serial_rivers_micro_a,
          chequers_serial_rivers_small_3, nicolae_gozag_zags_fifth_avenue
D:7:      layout_loops_ring, minmay_temple_entry_statues_fountains,
          ebering_ghost_xom, grunt_livestock
D:8:      layout_basic, gammafunk_temple_overflow_elements,
          minmay_strange_pillars, grunt_ministairs_9, hangedman_decor_points,
          hangedman_minor_gate_pass
D:9:      layout_roguey, lair_entry_dummy, enter_bailey_3
Temple:   compressed_dpeg_circular_temple
Bailey:   bailey_polearm_4, bailey

Skill      XL: |  1  2  3  4  5  6  7  8  9 |
---------------+----------------------------+-----
Bows           | 3 4 6 7 8 10 12 14 | 14.0
Fighting       | 3 |  3.7
Hexes          | 5 |  5.9
Fire Magic     | 4 |  4.7
Spellcasting   | 3 |  3.3
Dodging        | |  1.3

Action                   |  1- 3 |  4- 6 |  7- 9 | 10-12 || total
-------------------------+-------+-------+-------+-------++-------
Melee: Shortbow          |       |       |     2 |       ||     2
       Kick              |       |       |     1 |       ||     1
 Fire: Shortbow          |   104 |    75 |   486 |    77 ||   742
Throw: Javelin           |       |       |    13 |       ||    13
 Cast: Corona            |    22 |     5 |     8 |       ||    35
       Slow              |       |     1 |       |       ||     1
       Inner Flame       |       |       |     1 |       ||     1
Invok: Curse Item        |       |       |     2 |       ||     2
Evoke: Wand              |       |     6 |     5 |     1 ||    12
  Use: Scroll            |       |     1 |     3 |     6 ||    10
       Potion            |       |       |     2 |       ||     2
  Eat: Chunk             |     1 |     4 |     8 |     2 ||    15
       Ration            |       |       |     2 |       ||     2
Armor: Robe              |    11 |     4 |    15 |     7 ||    37
Dodge: Dodged            |    24 |    12 |    44 |     6 ||    86
